 Dungeon Crawl Stone Soup version 0.30.0-18-gc0e69614cb (webtiles) character file.

Game seed: 17530251754890365481

103628 olmar the Protected (level 16, -5/129 HPs)
             Began as a Gnoll Fighter on May 23, 2023.
             Was the Champion of Ru.
             Slain by a manticore (6 damage)
             ... on level 2 of the Shoals.
             The game lasted 00:57:31 (26713 turns).

olmar the Protected (Gnoll Fighter)                Turns: 26713, Time: 00:57:32

Health: -5/129     AC: 16    Str: 24    XL:     16   Next: 36%
Magic:  24/31      EV: 17    Int: 15    God:    Ru [******]
Gold:   770        SH:  0    Dex: 15    Spells: 27/37 levels left

rFire   + . .        X - +6 demon whip of the Dark Horse {freeze, Str+2 Int+3}
rCold   + . .        (shield unavailable)
rNeg    . . .        M - +0 swamp dragon scales
rPois   +            V - +1 hat
rElec   .            o - scarf {repulsion}
rCorr   .            y - +1 pair of gloves {Str+3}
SInv    .            W - +0 pair of boots of Quantum Leap {Dex+5}
Will    +....        f - amulet of regeneration
Stlth   ++           (ring unavailable)
HPRegen 1.21/turn    T - ring "Desuc" {rF+ rC+}
MPRegen 0.22/turn

%: repel missiles
@: engulfed (cannot breathe), mesmerised, very slow
A: fangs 1, clumsy 1, missing a hand, inability to use devices, no fire magic,
no hexes magic, no translocations magic, strong nose, distributed training
a: Renounce Religion, Draw Out Power, Power Leap, Apocalypse


You were on level 2 of the Shoals.
You worshipped Ru.
Ru was exalted by your worship.
You visited 5 branches of the dungeon, and saw 25 of its levels.
You also visited: Gauntlet.

You collected 2095 gold pieces.
You spent 1325 gold pieces at shops.

Inventory:

Hand Weapons
 h - a +3 flail of protection
 N - a +2 whip of venom
 O - a +2 scimitar of holy wrath
 U - a +1 demon whip of venom
 X - the +6 demon whip of the Dark Horse (weapon) {freeze, Str+2 Int+3}
   (You found it in a Gauntlet)

   Str:       It affects your strength (+2).
   Int:       It affects your intelligence (+3).
Missiles
 m - 62 poisoned darts (quivered)
 F - 10 javelins
 Q - 4 curare-tipped darts
Armour
 n - a +0 pair of boots
 o - a scarf of repulsion (worn)
 y - a +1 pair of gloves of strength (worn)
 D - a +2 scale mail of positive energy
 M - +0 swamp dragon scales (worn)
 R - a +1 robe of cold resistance
 V - a +1 hat (worn)
 W - the +0 pair of boots of Quantum Leap (worn) {Dex+5}
   (You bought it in a shop on level 15 of the Dungeon)

   Dex:       It affects your dexterity (+5).
Magical Staves
 S - a staff of cold
Jewellery
 f - an amulet of regeneration (around neck)
 B - a +4 ring of protection
 T - the ring "Desuc" (right hand) {rF+ rC+}
   (You found it in a Gauntlet)

   [ring of protection from fire]

   rF:        It protects you from fire.
   rC:        It protects you from cold.
Scrolls
 e - 5 scrolls of identify
 g - 3 scrolls of silence
 i - 2 scrolls of magic mapping
 k - 4 scrolls of enchant weapon
 p - 3 scrolls of amnesia
 s - 4 scrolls of noise
 t - 2 scrolls of fear
 v - 4 scrolls of immolation
 A - 2 scrolls of fog
 C - a scroll of summoning
 G - a scroll of blinking
 H - 2 scrolls of vulnerability
 I - 4 scrolls of teleportation
 J - a scroll of brand weapon
 Y - a scroll of enchant armour {unknown}
Potions
 a - a potion of cancellation
 b - 3 potions of mutation
 c - 3 potions of attraction
 d - a potion of resistance
 j - 7 potions of curing
 l - 3 potions of haste
 q - 5 potions of brilliance
 r - 2 potions of berserk rage
 u - 6 potions of degeneration
 z - 3 potions of might
 E - 7 potions of invisibility
 K - 3 potions of magic
 L - 3 potions of flight
 P - 7 potions of ambrosia


   Skills:
 + Level 12.9 Fighting
 + Level 11.2 Short Blades
 + Level 11.2 Long Blades
 + Level 11.2 Axes
 + Level 12.1 Maces & Flails
 + Level 11.2 Polearms
 + Level 11.2 Staves
 + Level 11.2 Ranged Weapons
 + Level 11.2 Throwing
 + Level 12.9 Armour
 + Level 11.2 Dodging
 + Level 11.2 Stealth
   Level 0.0 Shields
 + Level 11.2 Unarmed Combat
 + Level 11.2 Spellcasting
 + Level 9.4 Conjurations
   Level 0.0 Hexes
 + Level 9.4 Summonings
 + Level 9.4 Necromancy
   Level 0.0 Translocations
 + Level 9.4 Transmutations
   Level 0.0 Fire Magic
 + Level 9.4 Ice Magic
 + Level 9.4 Air Magic
 + Level 9.4 Earth Magic
 + Level 9.4 Poison Magic
 + Level 12.2 Invocations
   Level 0.0 Evocations


You had 27 spell levels left.
You knew the following spells:

 Your Spells              Type           Power      Damage    Failure   Level
a - Call Canine Familiar  Summ           36%        N/A       1%          3
b - Poisonous Vapours     Pois/Air       72%        N/A       1%          2
c - Borgnjor's Vile Clut  Necr/Erth      18%        N/A       7%          5

Your spell library contained the following spells:

 Spells                   Type           Power      Damage    Failure   Level
 Sting                    Tmut/Pois      100%       1d8       1%          1
 Sublimation of Blood     Necr           36%        N/A       1%          2
 Wereblood                Tmut           36%        N/A       1%          2
 Spider Form              Tmut/Pois      36%        N/A       1%          3
 Animate Dead             Necr           36%        N/A       2%          4
 Olgreb's Toxic Radiance  Pois           36%        N/A       2%          4
 Death Channel            Necr           18%        N/A       36%         6
 Eringya's Noxious Bog    Tmut/Pois      18%        N/A       36%         6
 Simulacrum               Ice/Necr       18%        N/A       36%         6
 Orb of Destruction       Conj           18%        9d8       90%         7
 Ozocubu's Refrigeration  Ice            18%        4d11      90%         7
 Spellforged Servitor     Conj/Summ      18%        N/A       90%         7
 Summon Hydra             Summ           18%        N/A       90%         7
 Polar Vortex             Ice            18%        N/A       100%        9
 Ensorcelled Hibernation  Hex/Ice        Unusable   N/A       N/A         2
 Summon Guardian Golem    Hex/Summ       Unusable   N/A       N/A         3
 Anguish                  Hex/Necr       Unusable   N/A       N/A         4
 Leda's Liquefaction      Hex/Erth       Unusable   N/A       N/A         4
 Portal Projectile        Hex/Tloc       Unusable   N/A       N/A         3
 Summon Forest            Summ/Tloc      Unusable   N/A       N/A         5

Dungeon Overview and Level Annotations

Branches:
Dungeon (15/15)            Temple (1/1) D:4            Lair (5/5) D:10
 Shoals (1/4) Lair:2       Spider (0/4) Lair:3        Slime (0/5) Lair:5
    Orc (2/2) D:10            Elf (0/3) Orc:2        Vaults (0/5) D:13
 Depths (0/4) D:15        Gauntlet (visited)

Altars:
Ashenzari
Cheibriados
Dithmenos
Elyvilon
Gozag
Hepliaklqana
Kikubaaqudgha
Makhleb
Nemelex Xobeh
Okawaru
Qazlal
Ru
Sif Muna
Trog
Uskayaw
Vehumet
Wu Jian
Xom
Yredelemnul
Zin
The Shining One
Jiyva

Shops:
D:3 (**   D:6 (   D:15 [   Orc:2 !(=[=

Annotations:
Lair:5 exclusions: obsidian statue and 5 oklob plants
Shoals:2 Ilsuiw


Innate Abilities, Weirdness & Mutations

You have very sharp teeth.
You are clumsy. (Dex -2)
You are missing a hand.
You cannot study or use magical devices.
You cannot study or cast Fire magic.
You cannot study or cast Hexes magic.
You cannot study or cast Translocations magic.
Your uncanny sense of smell can sniff out nearby items.
Your experience applies equally to all skills.


Message History

* * * LOW HITPOINT WARNING * * *
Your lungs strain for air!
You redirect the harpy's attack!
The harpy closely misses the water elemental.
The harpy claws the water elemental.
The harpy claws you but does no damage. The harpy claws you.
* * * LOW HITPOINT WARNING * * *
The manticore is engulfed in poison gas.
The manticore looks as sick as possible!
The manticore bites you!
* * * LOW HITPOINT WARNING * * *
The manticore misses you. x2; The harpy claws you.
* * * LOW HITPOINT WARNING * * *
The harpy misses you.
You thrash the water elemental!! You freeze the water elemental!
You destroy the water elemental!
* * * LOW HITPOINT WARNING * * *
Your lungs strain for air!
The harpy completely misses you.
The harpy claws you but does no damage. x2
The harpy misses you. The merfolk closely misses you.
The merfolk siren chants its luring song. x2
The water elemental barely misses you.
The merfolk avatar chants its luring song.
The harpy misses you. x2
A shard of ice appears from out of thin air!
The shard of ice hits you! You partially resist.
* * * LOW HITPOINT WARNING * * *
The merfolk is engulfed in poison gas.
The merfolk looks as sick as possible!
The merfolk barely misses you.
You cannot read scrolls while unable to breathe!
You feel better.
* * * LOW HITPOINT WARNING * * *
Your lungs strain for air!
The harpy claws you but does no damage. x2
The manticore is engulfed in poison gas.
The manticore looks as sick as possible!
The manticore bites you!
* * * LOW HITPOINT WARNING * * *
The manticore claws you.
You die...

§§☼ §§○§§§§ §☼§○
#§§§§§#
~○§§§##m§§§☼#
≈☼§§☼☼§§m§§§## §
~§§☼§☼§§§§☼§§#§§
~○☼§§§§§§§§§§§§§
~☼§§§§§mHm~○☼§§○
≈§§☼○☼§H@H§☼§§○§
≈§§§§§§EEH§○~§☼§
≈☼§§§§§§~☼§☼###☼
≈§§☼§§§§☼§☼§#
≈§§§≈§§☼☼§○§#
≈○○☼☼{○mm§○§§..
≈≈☼§§§§§§§§○§§○.
≈☼§○§§§☼☼§§##○§.
~~~?~~~~~~##....


You could see a merfolk avatar (mesmerising, very poisoned), a merfolk
aquamancer (very poisoned), 2 merfolk, a manticore (extremely poisoned), 2 water
elementals, 2 merfolk sirens and 3 harpies.

Vanquished Creatures
  Rupert (Lair:5)
  Gastronok (Lair:3)
  An orc warlord (Orc:1)
  A reaper (Gauntlet)
  3 dire elephants (Lair:5)
  A minotaur (Gauntlet)
  An ettin (Orc:2)
  4 vault guards
  Fannar (Lair:2)
  6 hydras
  2 catoblepae
  4 two-headed ogres
  4 centaur warriors
  4 boulder beetles
  2 death knights
  5 death yaks (Lair:5)
  3 tengu warriors (D:13)
  3 orc high priests (Orc:2)
  2 spectral death yaks (Lair:5)
  6 skeletal warriors (D:14)
  A spectral anaconda (Lair:5)
  A wizard (D:15)
  A sea snake (Shoals:2)
  A phantasmal warrior (D:14)
  5 orc knights
  A harpy (Shoals:2)
  4 necromancers
  Pikel (D:6)
  A deep elf zephyrmancer (D:15)
  6 orc sorcerers
  8 ugly things
  2 deep elf pyromancers (D:15)
  2 manticores
  3 merfolk sirens (Lair:2)
  A dire elephant zombie (Lair:5)
  16 elephants (Lair:5)
  6 cyclopes
  5 black mambas
  A gargoyle (D:13)
  A torpor snail (shapeshifter) (D:15)
  12 cane toads
  A centaur skeleton (D:15)
  Maggie (D:9)
  2 unseen horrors (D:12)
  7 rime drakes
  5 kobold demonologists
  An orange demon (Lair:2)
  An efreet (D:15)
  A komodo dragon (shapeshifter) (D:14)
  8 komodo dragons
  2 tengu conjurers
  2 freezing wraiths (D:14)
  A queen bee (Lair:2)
  A merfolk (Lair:2)
  A polar bear (Lair:5)
  4 trolls
  3 spectral elephants (Lair:5)
  17 blink frogs
  9 dream sheep
  A hornet (D:10)
  7 slime creatures
  Sigmund (D:5)
  2 centaur simulacra
  3 wraiths
  37 yaks
  A water elemental (Shoals:2)
  A golden eye (shapeshifter) (D:12)
  4 wyverns
  A fire elemental (D:14)
  11 basilisks
  8 vampire mosquitoes
  Menkaure (D:5)
  Edmund (D:5)
  A harpy simulacrum (Gauntlet)
  5 wargs
  3 acid dragons
  18 water moccasins
  3 black bears
  17 orc warriors
  2 elephant zombies (Lair:5)
  2 ice beasts
  8 ogres
  8 wolves
  An elephant skeleton (Lair:5)
  A lemure (D:6)
  15 centaurs
  11 kobold brigands
  Blork the orc (D:6)
  2 gnoll sergeants
  9 bullfrogs
  3 scorpions
  7 wights
  29 killer bees
  An electric eel (Lair:1)
  4 howler monkeys
  2 crimson imps (D:15)
  A lava snake (D:14)
  5 hounds
  2 jellies
  15 orc priests
  A gnoll bouda (D:10)
  2 sleepcaps
  3 hell rats
  7 iguanas
  20 orc wizards
  2 boggart simulacra
  5 adders
  19 gnolls
  A shadow imp (Gauntlet)
  A white imp (D:8)
  An ufetubus (D:4)
  A dart slug (D:2)
  A worm (D:2)
  73 orcs
  3 ball pythons
  3 endoplasms
  4 giant cockroaches
  3 goblins
  A hobgoblin (D:1)
  9 jackals
  25 kobolds
  A quokka (D:1)
  3 bats
  A rat (D:1)
646 creatures vanquished.

Vanquished Creatures (collateral kills)
  Amaemon (Lair:2)
  An orc sorcerer (D:15)
  3 elephants (Lair:5)
  A cane toad (Lair:5)
  3 yaks (Lair:5)
  A wyvern (Lair:5)
  A basilisk (Lair:5)
  A spectral cane toad (Lair:5)
  A water moccasin (Lair:5)
  2 orc warriors
15 creatures vanquished.

Vanquished Creatures (others)
  A centaur warrior (D:13)
  A harpy (Shoals:2)
  An elephant (Lair:5)
  An unseen horror (D:13)
  A kobold demonologist (D:11)
  2 trolls (D:12)
  A blink frog (Lair:1)
  2 wyverns
  A basilisk (Lair:4)
  An orc warrior (Orc:2)
  A killer bee (Lair:2)
  An orc priest (Orc:2)
  An orc wizard (Orc:2)
  2 kobolds
17 creatures vanquished.

Grand Total: 678 creatures vanquished

Notes
Turn   | Place    | Note
-------+----------+-------------------------------------------
     0 | D:1      | olmar the Gnoll Fighter began the quest for the Orb.
     0 | D:1      | Reached XP level 1. HP: 23/23 MP: 1/1
    55 | D:1      | Reached XP level 2. HP: 29/29 MP: 2/2
   258 | D:1      | Reached XP level 3. HP: 35/35 MP: 3/3
   805 | D:2      | Reached skill level 1 in Invocations
   970 | D:2      | Reached skill level 1 in Short Blades
   970 | D:2      | Reached skill level 1 in Long Blades
   970 | D:2      | Reached skill level 1 in Axes
   970 | D:2      | Reached skill level 1 in Polearms
   970 | D:2      | Reached skill level 1 in Staves
   970 | D:2      | Reached skill level 1 in Ranged Weapons
   970 | D:2      | Reached skill level 1 in Throwing
   970 | D:2      | Reached skill level 1 in Dodging
   970 | D:2      | Reached skill level 1 in Stealth
   970 | D:2      | Reached skill level 1 in Unarmed Combat
   970 | D:2      | Reached skill level 1 in Spellcasting
   970 | D:2      | Reached skill level 1 in Evocations
   970 | D:2      | Reached XP level 4. HP: 36/41 MP: 5/5
  1098 | D:2      | Reached skill level 1 in Conjurations
  1098 | D:2      | Reached skill level 1 in Hexes
  1098 | D:2      | Reached skill level 1 in Summonings
  1098 | D:2      | Reached skill level 1 in Necromancy
  1098 | D:2      | Reached skill level 1 in Translocations
  1098 | D:2      | Reached skill level 1 in Transmutations
  1098 | D:2      | Reached skill level 1 in Fire Magic
  1098 | D:2      | Reached skill level 1 in Ice Magic
  1098 | D:2      | Reached skill level 1 in Air Magic
  1098 | D:2      | Reached skill level 1 in Earth Magic
  1098 | D:2      | Reached skill level 1 in Poison Magic
  1491 | D:2      | Found a hazy altar of Hepliaklqana.
  1533 | D:3      | Found Pifaf's Assorted Antiques.
  1556 | D:3      | Found a radiant altar of Vehumet.
  1567 | D:3      | HP: 1/41 [gnoll/+0 spear (6)]
  1574 | D:3      | Reached XP level 5. HP: 11/47 MP: 5/7
  1730 | D:3      | Found Bobix's Assorted Antiques.
  1732 | D:3      | Found Bylemnui's Antique Weapon Emporium.
  1781 | D:3      | You fall into a shaft and drop 1 floor!
  1825 | D:4      | Found a staircase to the Ecumenical Temple.
  1841 | Temple   | Entered the Ecumenical Temple
  1990 | Temple   | Became a worshipper of Ru the Awakened
  2653 | D:4      | Noticed a black bear
  2670 | D:4      | Killed a black bear
  2671 | D:4      | Reached skill level 5 in Maces & Flails
  2671 | D:4      | Reached XP level 6. HP: 53/53 MP: 7/9
  3091 | D:4      | Reached XP level 7. HP: 52/60 MP: 10/10
  3112 | D:4      | Found a hazy altar of Hepliaklqana.
  3198 | D:4      | Found a bloodstained altar of Trog.
  3198 | D:4      | Found an iron altar of Okawaru.
  3359 | D:5      | Entered Level 5 of the Dungeon
  3556 | D:5      | Found a sparkling altar of Nemelex Xobeh.
  3816 | D:5      | Reached XP level 8. HP: 63/67 MP: 12/12
  3911 | D:5      | Found an ancient bone altar of Kikubaaqudgha.
  3915 | D:5      | Gained mutation: You cannot study or cast Fire magic. [Ru
                  | sacrifice]
  3915 | D:5      | Gained mutation: You cannot study or cast Hexes magic. [Ru
                  | sacrifice]
  3915 | D:5      | Gained mutation: You cannot study or cast Translocations
                  | magic. [Ru sacrifice]
  3915 | D:5      | Reached * piety under Ru
  4152 | D:5      | Noticed Menkaure
  4155 | D:5      | Noticed Sigmund
  4464 | D:5      | Noticed Edmund
  4479 | D:5      | Killed Edmund
  4528 | D:5      | Killed Menkaure
  4697 | D:5      | Killed Sigmund
  4746 | D:6      | Noticed Blork the orc
  4755 | D:6      | Killed Blork the orc
  4800 | D:6      | Found a basalt altar of Yredelemnul.
  4890 | D:6      | Reached XP level 9. HP: 69/73 MP: 14/14
  5168 | D:6      | Noticed Pikel
  5174 | D:6      | Killed Pikel
  5203 | D:6      | Found Kasirin's Antique Weapon Emporium.
  5206 | D:6      | Bought an ichor-stained quarterstaff for 243 gold pieces
  5206 | D:6      | Identified the +2 quarterstaff of Pestilence {freeze, rElec
                  | Int+7} (You bought it in a shop on level 6 of the Dungeon)
  5351 | D:7      | Reached skill level 5 in Invocations
  5657 | D:7      | Found an ornate altar of the Wu Jian Council.
  5784 | D:7      | Noticed a kobold demonologist
  5797 | D:7      | Noticed a red devil
  5800 | D:7      | Killed a kobold demonologist
  5806 | D:7      | Reached skill level 5 in Short Blades
  5806 | D:7      | Reached skill level 5 in Long Blades
  5806 | D:7      | Reached skill level 5 in Axes
  5806 | D:7      | Reached skill level 5 in Polearms
  5806 | D:7      | Reached skill level 5 in Staves
  5806 | D:7      | Reached skill level 5 in Ranged Weapons
  5806 | D:7      | Reached skill level 5 in Throwing
  5806 | D:7      | Reached skill level 5 in Dodging
  5806 | D:7      | Reached skill level 5 in Stealth
  5806 | D:7      | Reached skill level 5 in Unarmed Combat
  5806 | D:7      | Reached skill level 5 in Spellcasting
  5806 | D:7      | Reached skill level 5 in Evocations
  5806 | D:7      | Reached XP level 10. HP: 56/81 MP: 17/17
  6311 | D:7      | Gained mutation: You are missing a hand. [Ru sacrifice]
  6311 | D:7      | Reached ** piety under Ru
  6311 | D:7      | Reached *** piety under Ru
  6311 | D:7      | Reached **** piety under Ru
  6830 | D:8      | Found a burning altar of Makhleb.
  6930 | D:8      | Noticed a two-headed ogre
  6942 | D:8      | Killed a two-headed ogre
  7414 | D:8      | Found a hide-covered altar of Uskayaw.
  7428 | D:8      | Found a white marble altar of Elyvilon.
  7686 | D:9      | Noticed Maggie
  7692 | D:9      | Killed Maggie
  8046 | D:9      | Noticed a kobold demonologist
  8064 | D:9      | Killed a kobold demonologist
  8245 | D:9      | Found an opulent altar of Gozag.
  8607 | D:10     | Entered Level 10 of the Dungeon
  8794 | D:10     | Noticed a kobold demonologist
  8808 | D:10     | Killed a kobold demonologist
  8879 | D:10     | Found a staircase to the Lair.
  9015 | D:10     | Reached skill level 5 in Conjurations
  9015 | D:10     | Reached skill level 5 in Summonings
  9015 | D:10     | Reached skill level 5 in Necromancy
  9015 | D:10     | Reached skill level 5 in Transmutations
  9015 | D:10     | Reached skill level 5 in Ice Magic
  9015 | D:10     | Reached skill level 5 in Air Magic
  9015 | D:10     | Reached skill level 5 in Earth Magic
  9015 | D:10     | Reached skill level 5 in Poison Magic
  9325 | D:10     | Reached XP level 11. HP: 88/89 MP: 20/20
  9536 | D:10     | Noticed a two-headed ogre
  9571 | D:10     | Killed a two-headed ogre
  9713 | D:10     | Noticed an orc knight
  9747 | D:10     | Killed an orc knight
  9932 | D:10     | Found a staircase to the Orcish Mines.
 10722 | D:11     | Noticed a green ugly thing
 10735 | D:11     | Killed a green ugly thing
 10776 | D:11     | Noticed a two-headed ogre
 10787 | D:11     | Killed a two-headed ogre
 11218 | D:11     | Noticed a boulder beetle
 11235 | D:11     | Killed a boulder beetle
 11648 | D:12     | Reached XP level 12. HP: 93/97 MP: 22/22
 11838 | D:12     | Gained mutation: You cannot study or use magical devices.
                  | [Ru sacrifice]
 11838 | D:12     | Reached ***** piety under Ru
 11998 | D:12     | Found an ornate altar of the Wu Jian Council.
 12220 | D:13     | Noticed a tengu warrior
 12220 | D:13     | Noticed a tengu warrior
 12242 | D:13     | Noticed a boulder beetle
 12300 | D:13     | Killed a tengu warrior
 12304 | D:13     | Killed a tengu warrior
 12305 | D:13     | Reached skill level 10 in Fighting
 12305 | D:13     | Reached skill level 10 in Armour
 12650 | D:13     | Found a gate to the Vaults.
 12650 | D:13     | Noticed a centaur warrior
 12650 | D:13     | Noticed a vault guard
 12650 | D:13     | Noticed a vault guard
 12650 | D:13     | Noticed a vault guard
 12650 | D:13     | Noticed a vault guard
 12650 | D:13     | Noticed a catoblepas
 12682 | D:13     | Killed a centaur warrior
 12693 | D:12     | HP: 2/97 [vault guard/+0 battleaxe (15)]
 12751 | D:12     | Killed a vault guard
 12897 | Orc:1    | Entered Level 1 of the Orcish Mines
 12951 | Orc:2    | Entered Level 2 of the Orcish Mines
 13084 | Orc:2    | Noticed an orc warlord
 13130 | Orc:1    | Killed an orc warlord
 13434 | Orc:2    | Found Ocoku's Jewellery Boutique.
 13436 | Orc:2    | Found a staircase to the Elven Halls.
 13446 | Orc:2    | Learned a level 3 spell: Call Canine Familiar
 13682 | Orc:2    | Found Nudugiuf's Distillery.
 13688 | Orc:2    | Noticed an orc high priest
 13764 | Orc:2    | Noticed an orc high priest
 13764 | Orc:2    | Killed an orc high priest
 13768 | Orc:2    | Noticed a sun demon
 13812 | Orc:2    | Reached XP level 13. HP: 72/104 MP: 25/25
 14443 | Orc:2    | Found Enimit's Antique Weapon Boutique.
 14450 | Orc:2    | Found Pobbokou's Jewellery Shoppe.
 14453 | Orc:2    | Found Coug's Antique Armour Shoppe.
 14509 | Orc:2    | Bought a potion of flight for 36 gold pieces
 14509 | Orc:2    | Bought a potion of invisibility for 96 gold pieces
 14509 | Orc:2    | Bought a potion of mutation for 96 gold pieces
 14509 | Orc:2    | Bought a potion of curing for 36 gold pieces
 14509 | Orc:2    | Bought 2 potions of curing for 72 gold pieces
 14509 | Orc:2    | Bought a potion of curing for 36 gold pieces
 14509 | Orc:2    | Bought a potion of curing for 36 gold pieces
 14509 | Orc:2    | Bought a potion of curing for 36 gold pieces
 14531 | Orc:2    | Bought a pair of embroidered gloves for 315 gold pieces
 14665 | Orc:1    | Noticed an ettin
 14756 | Orc:2    | Killed an ettin
 15112 | Lair:1   | Entered Level 1 of the Lair of Beasts
 15172 | Lair:1   | Gained mutation: You are clumsy. (Dex -2) [Ru sacrifice]
 15172 | Lair:1   | Reached ****** piety under Ru
 16595 | Lair:2   | Reached skill level 10 in Maces & Flails
 16616 | Lair:2   | Found a staircase to the Shoals.
 16940 | Lair:2   | Noticed Fannar
 17271 | Lair:2   | Killed Fannar
 17459 | Lair:2   | Noticed Amaemon
 17486 | Lair:2   | Killed Amaemon
 17921 | Lair:3   | Reached XP level 14. HP: 113/113 MP: 27/27
 17937 | Lair:3   | Noticed Gastronok
 17945 | Lair:3   | Reached skill level 10 in Invocations
 17992 | Lair:3   | Killed Gastronok
 18459 | Lair:3   | Found a hole to the Spider Nest.
 19844 | Lair:5   | Entered Level 5 of the Lair of Beasts
 19900 | Lair:5   | Found a gate leading to a gauntlet.
 19995 | Lair:5   | Learned a level 2 spell: Poisonous Vapours
 19996 | Gauntlet | Entered a Gauntlet
 19996 | Gauntlet | Found a transporter.
 20004 | Gauntlet | Found a runed translucent gate.
 20005 | Gauntlet | Found a transporter.
 20005 | Gauntlet | Found a runed translucent gate.
 20006 | Gauntlet | Found a transporter.
 20007 | Gauntlet | Found a runed translucent gate.
 20010 | Gauntlet | Found a transporter.
 20011 | Gauntlet | Found a transporter.
 20011 | Gauntlet | Found a transporter.
 20015 | Gauntlet | Noticed a reaper
 20044 | Gauntlet | Found a runed translucent door.
 20046 | Gauntlet | Found a transporter.
 20047 | Gauntlet | Found a transporter.
 20050 | Gauntlet | Found a runed translucent door.
 20052 | Gauntlet | Found a transporter.
 20055 | Gauntlet | Noticed a quicksilver ooze
 20112 | Gauntlet | Killed a reaper
 20121 | Gauntlet | Noticed a quicksilver ooze
 20123 | Gauntlet | Identified the ring "Desuc" {rF+ rC+}
 20127 | Gauntlet | Identified the +6 demon whip of the Dark Horse {freeze,
                  | Str+2 Int+3}
 20204 | Gauntlet | Found a transporter.
 20395 | Lair:5   | Noticed Rupert
 20397 | Lair:5   | Paralysed by Rupert for 3 turns
 20414 | Lair:5   | Killed Rupert
 20523 | Lair:5   | Reached skill level 10 in Short Blades
 20523 | Lair:5   | Reached skill level 10 in Long Blades
 20523 | Lair:5   | Reached skill level 10 in Axes
 20523 | Lair:5   | Reached skill level 10 in Polearms
 20523 | Lair:5   | Reached skill level 10 in Staves
 20523 | Lair:5   | Reached skill level 10 in Ranged Weapons
 20523 | Lair:5   | Reached skill level 10 in Throwing
 20523 | Lair:5   | Reached skill level 10 in Dodging
 20523 | Lair:5   | Reached skill level 10 in Stealth
 20523 | Lair:5   | Reached skill level 10 in Unarmed Combat
 20523 | Lair:5   | Reached skill level 10 in Spellcasting
 20787 | Lair:5   | Found a viscous altar of Jiyva.
 20855 | Lair:5   | Reached XP level 15. HP: 68/117 MP: 13/29
 22259 | Lair:5   | Found a staircase to the Slime Pits.
 24119 | D:14     | Found a hazy altar of Hepliaklqana.
 24714 | D:14     | Reached XP level 16. HP: 129/129 MP: 30/30
 24908 | D:15     | Entered Level 15 of the Dungeon
 25068 | D:15     | Learned a level 5 spell: Borgnjor's Vile Clutch
 25292 | D:15     | Found a staircase to the Depths.
 25624 | D:15     | Found a shimmering altar of Xom.
 26030 | D:15     | Found Iloobuaw's Antique Armour Shoppe.
 26046 | D:15     | Bought a pair of heavily runed boots for 323 gold pieces
 26046 | D:15     | Identified the +0 pair of boots of Quantum Leap {Dex+5}
                  | (You bought it in a shop on level 15 of the Dungeon)
 26684 | Shoals:1 | Entered Level 1 of the Shoals
 26684 | Shoals:1 | You fall into a shaft and drop 1 floor!
 26697 | Shoals:2 | Noticed Ilsuiw
 26713 | Shoals:2 | HP: 1/129 [manticore (10)]
 26713 | Shoals:2 | Slain by a manticore

Illustrated notes

Levels and vault maps discovered:
D:1:      dpeg_arrival_lava_temple_mockup, layout_basic
D:2:      layout_basic, basic_altar, minmay_misc_feat_iff, grunt_ministairs_2,
          bh_walls_and_bars
D:3:      minmay_spotlight, layout_rooms, lemuel_doored_altar,
          fedhas_altar_fruit_tree, serial_shops, shop, shop, shop,
          chequers_ecumenical_altar_lobes, uniq_ijyb
D:4:      layout_loops_ring, marbit_many_paths,
          grunt_temple_overflow_bloody_war,
          minmay_temple_entry_drinking_statues, kennysheep_pointless_box
D:5:      minmay_opposing_rooms, layout_loops_ring,
          nemelex_diamond_rough_becter, overflow_temple_1_default,
          sigmund_edmund_badplayer, uniq_menkaure
D:6:      layout_basic, mainiacjoe_overflow_24_doors, serial_shops, shop,
          uniq_blork_the_orc, uniq_pikel
D:7:      layout_layer_cave, kennysheep_mini_moat
D:8:      layout_loops_ring, lemuel_round_altar, general_overflow_altar,
          elyvilon_altar_4, serial_aquarium, aquarium_bridge_square
          [aquarium_subvault_window, aquarium_subvault_bridge,
          aquarium_subvault_wall, aquarium_subvault_window], aquarium_window_1,
          aquarium_window_fake, aquarium_window_1, aquarium_window_fake,
          aquarium_view_2e, aquarium_view_2b, aquarium_balcony_double_2,
          aquarium_pool_2, minmay_gold_behind_fungi, dk_noncrumbling_3
D:9:      layout_gridville, mainiacjoe_overflow_surrounded_room,
          nicolae_kite_square_tiling_tiny, uniq_maggie
D:10:     layout_long_grid, erik_lair_orcish_takeover, david_orc_5
D:11:     layout_basic
D:12:     layout_irregular_city, nzn_wu_jian_council_hall
D:13:     layout_long_grid, lightli_vaults_fourway_checkpoint
D:14:     layout_basic, minmay_misc_feat_secret_circle,
          kennysheep_big_empty_room, nzn_hepliaklqana_mist_gate
D:15:     grunt_enter_depths_magical_seal, layout_loops_corners, serial_shops,
          nicolae_shop_statue_plus, dreamdust_princess_bridge, led_xom_imps
Temple:   compressed_dpeg_triangle_lava_temple
Lair:1:   layout_cave_pods, wad_woods_road_02, serial_bayou_shore_a
Lair:2:   layout_loops_ring, elwin_shoals_entry_stream, special_room
          [special_room_bee], lemuel_fruit_fields, uniq_fannar, uniq_amaemon
Lair:3:   layout_loops_ring, dummy_spider_entry, infiniplex_staircase_pool_2,
          uniq_gastronok
Lair:4:   layout_loops_ring, special_room [special_room_mythical_zoo]
Lair:5:   due_jungle_book, layout_regular_city, minmay_slime_entry_oklob_open,
          gauntlet_entry_generic, grunt_forest_small_clearings,
          grunt_megastairs_4, uniq_rupert
Shoals:1: layout_shoals
Shoals:2: layout_shoals, uniq_ilsuiw
Orc:1:    layout_diamond_mine, guppyfry_orc_lava_fort
Orc:2:    st_orc_elflike, layout_caves, serial_shops, shop,
          nicolae_orc_pool_cavern

Skill      XL: |  1  2  3  4  5  6  7  8  9 10 11 12 13 14 15 16 |
---------------+-------------------------------------------------+-----
Invocations    | 1 2 3 4 5 6 7 8 9 10 11 12 | 12.2
Short Blades   | 1 2 3 5 6 7 8 9 10 11 | 11.2
Long Blades    | 1 2 3 5 6 7 8 9 10 11 | 11.2
Axes           | 1 2 3 5 6 7 8 9 10 11 | 11.2
Polearms       | 1 2 3 5 6 7 8 9 10 11 | 11.2
Staves         | 1 2 3 5 6 7 8 9 10 11 | 11.2
Ranged Weapons | 1 2 3 5 6 7 8 9 10 11 | 11.2
Throwing       | 1 2 3 5 6 7 8 9 10 11 | 11.2
Dodging        | 1 2 3 5 6 7 8 9 10 11 | 11.2
Stealth        | 1 2 3 5 6 7 8 9 10 11 | 11.2
Unarmed Combat | 1 2 3 5 6 7 8 9 10 11 | 11.2
Spellcasting   | 1 2 3 5 6 7 8 9 10 11 | 11.2
Evocations     | 1 2 3 5 6 7 0 |  0.0
Conjurations   | 1 2 3 4 5 6 7 8 9 |  9.4
Hexes          | 1 2 0 |  0.0
Summonings     | 1 2 3 4 5 6 7 8 9 |  9.4
Necromancy     | 1 2 3 4 5 6 7 8 9 |  9.4
Translocations | 1 2 0 |  0.0
Transmutations | 1 2 3 4 5 6 7 8 9 |  9.4
Fire Magic     | 1 2 0 |  0.0
Ice Magic      | 1 2 3 4 5 6 7 8 9 |  9.4
Air Magic      | 1 2 3 4 5 6 7 8 9 |  9.4
Earth Magic    | 1 2 3 4 5 6 7 8 9 |  9.4
Poison Magic   | 1 2 3 4 5 6 7 8 9 |  9.4
Maces & Flails | 5 6 7 8 9 10 11 12 | 12.1
Fighting       | 7 8 9 10 11 12 | 12.9
Armour         | 7 8 9 10 11 12 | 12.9
Shields        | 7 8 0 |  0.0

Action                     |  1- 3 |  4- 6 |  7- 9 | 10-12 | 13-15 | 16-18 || total
---------------------------+-------+-------+-------+-------+-------+-------++-------
  Melee: Flail             |    74 |   105 |   109 |   846 |   521 |       ||  1655
         Bite              |     4 |     8 |    24 |   112 |   255 |    37 ||   440
         Whip              |       |       |    59 |    33 |    91 |       ||   183
         Quarterstaff      |       |       |    66 |    30 |       |       ||    96
         Demon whip        |       |       |       |       |  1027 |   190 ||  1217
  Throw: Dart              |       |     5 |    13 |    57 |    40 |     2 ||   117
         Throwing net      |       |     5 |       |       |     2 |       ||     7
         Javelin           |       |       |       |     7 |    12 |       ||    19
   Cast: Call Canine Famil |       |       |       |     2 |    49 |     4 ||    55
         Poisonous Vapours |       |       |       |       |    56 |    13 ||    69
         Borgnjor's Vile C |       |       |       |       |       |     5 ||     5
 Invoke: Sacrifice Arcana  |       |       |     1 |       |       |       ||     1
         Sacrifice a Hand  |       |       |       |     1 |       |       ||     1
         Reject Sacrifices |       |       |       |     1 |       |       ||     1
         Power Leap        |       |       |       |     9 |    16 |     1 ||    26
         Draw Out Power    |       |       |       |     1 |     3 |       ||     4
         Sacrifice Artific |       |       |       |     1 |       |       ||     1
         Sacrifice Purity  |       |       |       |       |     1 |       ||     1
  Evoke: Wand              |       |       |     6 |    24 |       |       ||    30
    Use: Scroll            |       |     6 |     5 |    15 |     6 |     2 ||    34
         Potion            |       |     2 |     2 |     5 |     3 |     3 ||    15
   Stab: Held in net/web   |       |     1 |       |       |     4 |       ||     5
         Distracted        |       |       |       |     8 |    15 |       ||    23
         Sleeping          |       |       |       |     6 |    22 |     2 ||    30
         Invisible         |       |       |       |     4 |    21 |     1 ||    26
         Paralysed         |       |       |       |     4 |    21 |     1 ||    26
         Confused          |       |       |       |       |     1 |       ||     1
         Petrified         |       |       |       |       |     7 |       ||     7
 Armour: Scale mail        |    32 |    39 |   115 |    61 |       |       ||   247
         Swamp dragon scal |       |       |       |   442 |   581 |    82 ||  1105
  Dodge: Dodged            |    41 |    49 |   117 |   558 |   846 |   159 ||  1770
         Repelled          |       |       |       |       |     1 |     1 ||     2
  Block: Buckler           |    30 |    28 |    45 |       |       |       ||   103
